 Dungeon Crawl Stone Soup version 0.32-a0-675-gdc239d62e1 (webtiles) character file.

Game seed: 5064273869739846842

4 ytrimaz the Ruffian (level 1, 0/19 HPs)
             Began as an Octopode Shapeshifter on Mar 12, 2024.
             Constricted to death by a ball python (1 damage)
             ... on level 1 of the Dungeon.
             The game lasted 00:00:10 (101 turns).

ytrimaz the Ruffian (Octopode Shapeshifter)          Turns: 101, Time: 00:00:11

Health: 0/19       AC: 20    Str: 13    XL:     1   Next: 70%
Magic:  1/1        EV:  2    Int: 12    God:
Gold:   33         SH:  0    Dex: 11    Spells: 0/0 levels left

rFire   . .          .
                       - Unarmed
rCold   . . .        (no shield)
rNeg    . . .        (helmet currently unavailable)
rPois   +            (no amulet)
rElec   .            (no ring)
rCorr   .            (no ring)
SInv    .            (no ring)
Will    .....        (no ring)
Stlth   +            (no ring)
HPRegen 0.23/turn    (no ring)
MPRegen 0.07/turn    (no ring)
                     (no ring)

%: no passive effects
@: tree-form, constricted
A: stationary, stasis, torment immunity, boosted hp, almost no armour,
(amphibious), 8 rings, (camouflage 1), (gelatinous body 1), (nimble swimmer 1),
(tentacles)
a: no special abilities


You were on level 1 of the Dungeon.
You were a tree.
You visited 1 branch of the dungeon, and saw 1 of its levels.

You collected 33 gold pieces.


Innate Abilities, Weirdness & Mutations

You are a tree.
Your roots penetrate the ground, keeping you stationary.
You cannot be teleported.
You are immune to unholy pain and torment.
Your maximum health is greatly increased.
You cannot wear most types of armour.
((You are amphibious.))
You can wear up to eight rings at the same time.
((Your skin changes colour to match your surroundings (Stealth+).))
((Your rubbery body absorbs attacks. (AC +1, EV +1)))
((You are camouflaged when in or above water. (Stealth+)))
((You have tentacles for arms and can constrict up to eight enemies at once.))


   Skills:
 - Level 1.0 Fighting
 - Level 2.0 Dodging
 + Level 3.1 Unarmed Combat
 + Level 3.1 Shapeshifting


You couldn't memorise any spells.
You didn't know any spells.
Your spell library was empty.

Inventory:

Talismans
 b - a beast talisman (active)
 c - a flux talisman
Potions
 d - a potion of enlightenment {unknown}
 e - a potion of attraction {unknown}
 f - a potion of heal wounds {unknown}

Dungeon Overview and Level Annotations

Branches:
Dungeon (1/15) Zot: 5898

Altars:

#......... ...........
......?w...# # . #
..........# ####
..#.###........# ##...
...............#####..##
......S.g...............
......gā™£........#####.##
...#.#g.........####..##
...............##...##.
...S..........ā€ .....#..
......#...........##.#..
.......#..$....#####....
.........#####.# #....
.[.......# ..# ###....
.......## .### #....#.


You could see a dart slug, 3 goblins and 2 ball pythons.


Message History

Found a staircase leading out of the dungeon.
Unknown command.
You open the door.
There is an open door here.
Found a stone staircase leading down.
No target in view!
You now have 10 gold pieces.
There is a stone staircase leading down here.
Key pressed, stopping explore.
No target in view!
Unknown command.
d - a fuming dark potion No target in view!
You now have 20 gold pieces (gained 10).
e - a bubbling cyan potion Unknown command.
No target in view!
Key pressed, stopping explore.
No target in view!
f - a viscous purple potion Unknown command.
A bat comes into view.
A bat is nearby!
Unknown command.
A ball python comes into view.
There are monsters nearby!
Unknown command.
Found 8 gold pieces.
Found an escape hatch in the floor.
Unknown command.
The helpless bat fails to defend itself.
You tentacle-slap the bat.
You kill the bat!
The helpless ball python fails to defend itself.
You tentacle-slap the ball python.
You kill the ball python!
No target in view!
Unknown command.
You see here a ball python corpse.
No target in view!
You now have 25 gold pieces (gained 5).
You now have 33 gold pieces (gained 8).
A frilled lizard comes into view.
A frilled lizard is nearby!
A frilled lizard is nearby!
A frilled lizard is nearby!
The helpless frilled lizard fails to defend itself.
You tentacle-slap the frilled lizard.
You kill the frilled lizard!
Unknown command.
No target in view!
Unknown command.
A bat comes into view.
A bat is nearby!
The bat misses you.
A bat is nearby!
You closely miss the bat. Your grab misses the bat. You squeeze the bat.
You kill the bat!
Unknown command.
No target in view!
You see here a bat corpse.
A ball python comes into view.
A ball python is nearby!
A ball python is nearby!
A goblin and a ball python come into view.
Unknown command.
A goblin comes into view. It is wielding a +0 club.
The ball python hisses angrily.
The goblin shouts! x2
The ball python hisses angrily.
A goblin comes into view. It is wielding a +0 club.
A ball python comes into view.
The ball python hisses angrily.
You tentacle-slap the ball python.
You kill the ball python!
A dart slug comes into view.
The ball python misses you. The goblin hits you with a +0 dagger.
The ball python bites you. The ball python grabs you.
The ball python constricts you.
You see here a ball python corpse. šŸ˜® HP[-6]
You take 6 damage, and now have 7/13 hp.
MASSIVE DAMAGE!! (PAUSE)
You barely miss the goblin. You grab the goblin. You constrict the goblin.
The goblin barely misses you. The goblin hits you with a +0 club.
* * * LOW HITPOINT WARNING * * *
The ball python bites you.
* * * LOW HITPOINT WARNING * * *
The ball python constricts you.
* * * LOW HITPOINT WARNING * * *
šŸ˜± HP[-4]
You take 4 damage, and now have 3/13 hp.
MASSIVE DAMAGE!! (PAUSE) Unknown command.
Your transformation has ended.
You turn into a tree.
Your roots penetrate the ground.
You lose your grip on the goblin.
The goblin hits you but does no damage. x2
The ball python bites you.
* * * LOW HITPOINT WARNING * * *
The ball python constricts you.
You die...

Action                     || total
---------------------------++-------
  Melee: Unarmed           ||     6
         Constrict         ||     1
         Tentacles         ||     1
    Use: Potion            ||     1
   Stab: Sleeping          ||     3
 Armour: Skin              ||    10
  Dodge: Dodged            ||     3

Levels and vault maps discovered:
D:1:      dpeg_arrival_tiny_f, layout_rooms

Notes
Turn   | Place    | Note
-------+----------+-------------------------------------------
     0 | D:1      | ytrimaz the Octopode Shapeshifter began the quest for the
                  | Orb.
     0 | D:1      | Reached XP level 1. HP: 13/13 MP: 1/1
     0 | D:1      | magus.rc [v1.9.6]
   100 | D:1      | HP: 3/13 [constriction (1)]
   101 | D:1      | HP: 1/19 [ball python (3)]
   101 | D:1      | Constricted to death by a ball python

Vanquished Creatures
  2 ball pythons (D:1)
  2 bats (D:1)
  A frilled lizard (D:1)
5 creatures vanquished.

Table legend:
 A = Non-vault XP
 B = Vault XP
 C = Vault XP percentage of total XP
 D = Non-vault monster count
 E = Vault monster count
 F = Vault count percentage of total count
                 A         B        C        D         E       F
            +---------+---------+-------+---------+---------+-------
      Total |       7 |       0 |   0.0 |       5 |       0 |   0.0
            +---------+---------+-------+---------+---------+-------
        D:1 |       7 |       0 |   0.0 |       5 |       0 |   0.0
            +---------+---------+-------+---------+---------+-------

Action                     || total
---------------------------++-------
  Melee: Unarmed           ||     6
         Constrict         ||     1
         Tentacles         ||     1
    Use: Potion            ||     1
   Stab: Sleeping          ||     3
 Armour: Skin              ||    10
  Dodge: Dodged            ||     3

Illustrated notes

Table legend:
 A = Kills in this place as a percentage of kills in the entire game.
 B = Kills by you in this place as a percentage of kills by you in the entire game.
 C = Kills by friends in this place as a percentage of kills by friends in the entire game.
 D = Other kills in this place as a percentage of other kills in the entire game.
 E = Experience gained in this place as a percentage of experience gained in the entire game.
 F = Experience gained in this place divided by the number of levels of this place that you have seen.
                   A       B       C       D       E      F
               +-------+-------+-------+-------+-------+----------------------
         Total | 100.0 | 100.0 |   N/A |   N/A | 100.0 |   7.0
       Dungeon | 100.0 | 100.0 |   N/A |   N/A | 100.0 |   7.0
               +-------+-------+-------+-------+-------+----------------------

Table legend: (Time is in decaauts)
 A = Elapsed time spent in this place.
 B = Non-inter-level travel time spent in this place.
 C = Inter-level travel time spent in this place.
 D = Time resting spent in this place.
 E = Time spent auto-exploring this place.
 F = Levels seen in this place.
 G = Mean time per level.
                   A        B        C        D        E       F      G
               +--------+--------+--------+--------+--------+-----+--------+
         Total |    100 |    100 |      0 |      0 |     66 |   1 |  100.0 |
       Dungeon |    100 |    100 |      0 |      0 |     66 |   1 |  100.0 |
               +--------+--------+--------+--------+--------+-----+--------+

Top non-repeatable levels by time:
     D:1: 100 daAuts
